 Dungeon Crawl Stone Soup version 0.27.0-1-g7a089689b8 (webtiles) character file.

Game seed: 14689048056112257960

29927 tilp the Geomancer (level 13, -5/78 HPs)
             Began as a Gargoyle Earth Elementalist on Aug 5, 2021.
             Was an Elder of Vehumet.
             Slain by a blink frog (13 damage)
             ... on level 5 of the Lair of Beasts.
             The game lasted 00:35:16 (21364 turns).

tilp the Geomancer (Gargoyle Earth Elementalist)   Turns: 21364, Time: 00:35:16

Health: -5/78      AC: 26    Str: 16    XL:     13   Next: 48%
Magic:  23/31      EV: 13    Int: 20    God:    Vehumet [****..]
Gold:   1662       SH:  0    Dex: 10    Spells: 4/24 levels left

rFire    + . .     SeeInvis .   a - +5 morningstar of Armageddon {flame, rC+}
rCold    + + .     Faith    .   (no shield)
rNeg     + . .     Spirit   .   s - +2 leather armour of Birdsong {rF+ MP+9 Str+3 Stlth+}
rPois    ∞         Reflect  .   d - +2 helmet
rElec    +         Harm     .   n - +2 cloak
rCorr    .         Rampage  .   m - +2 pair of gloves
Will     .....                  N - +2 pair of boots {Stlth+}
Stlth    ++++......             B - amulet of regeneration
HPRegen  1.23/turn              I - ring of protection from cold
MPRegen  0.22/turn              S - ring of flight

@: flying
A: sickness immunity, AC +9, negative energy resistance 1, electricity
resistance, torment resistance 1, petrification resistance
a: Renounce Religion


You were on level 5 of the Lair of Beasts.
You worshipped Vehumet.
Vehumet was greatly pleased with you.
You visited 3 branches of the dungeon, and saw 17 of its levels.
You also visited: Ossuary.

You collected 1725 gold pieces.
You spent 63 gold pieces at shops.

Inventory:

Hand Weapons
 a - the +5 morningstar of Armageddon (weapon) {flame, rC+}
   (You found it on level 3 of the Lair of Beasts)

   It burns those it strikes, dealing additional fire damage.
   rC:        It protects you from cold.
 o - a +0 flail of electrocution
 O - a +0 morningstar
Missiles
 c - 628 stones
 f - 63 poisoned darts (quivered)
 i - 7 boomerangs
 l - 12 javelins
 q - 2 boomerangs of dispersal
 K - a curare-tipped dart
Armour
 d - a +2 helmet (worn)
 m - a +2 pair of gloves (worn)
 n - a +2 cloak (worn)
 s - the +2 leather armour of Birdsong (worn) {rF+ MP+9 Str+3 Stlth+}
   (You found it on level 4 of the Dungeon)

   Str:       It affects your strength (+3).
   rF:        It protects you from fire.
   MP:        It affects your magic capacity (+9).
   Stlth:     It makes you more stealthy.
 G - +0 steam dragon scales
 N - a +2 pair of boots of stealth (worn)
Magical Staves
 b - a staff of earth
Jewellery
 k - a ring of fire
 y - a ring of wizardry
 B - an amulet of regeneration (around neck)
 I - a ring of protection from cold (left hand)
 S - a ring of flight (right hand)
 U - a ring of protection from cold
Wands
 p - a wand of iceblast (21)
 F - a wand of flame (23)
 H - a wand of polymorph (19)
 J - a wand of digging (5)
 Q - a wand of mindburst (12)
 R - a wand of charming (6)
 V - a wand of paralysis (7)
Scrolls
 w - 3 scrolls of teleportation
 D - 2 scrolls of enchant weapon
 E - 4 scrolls of fear {unknown}
 L - a scroll of magic mapping
Potions
 e - 3 potions of resistance
 g - a potion of magic
 h - 7 potions of attraction
 j - 7 potions of heal wounds
 r - 2 potions of ambrosia
 u - 7 potions of curing
 v - 3 potions of berserk rage
 x - a potion of lignification {unknown}
 z - 3 potions of might
 A - 3 potions of cancellation
 C - 3 potions of haste
 M - a potion of mutation {unknown}
 T - 2 potions of brilliance
 W - 2 potions of invisibility
Miscellaneous
 t - a phial of floods


   Skills:
 - Level 8.0 Fighting
 + Level 8.6 Maces & Flails
 - Level 6.0 Dodging
 - Level 4.0 Stealth
 - Level 6.0 Spellcasting
 - Level 10.0 Conjurations
 - Level 4.0 Translocations
 - Level 6.0 Transmutations
 - Level 2.0 Air Magic
 - Level 12.0 Earth Magic
 - Level 6.0 Evocations


You had 4 spell levels left.
You knew the following spells:

 Your Spells              Type           Power      Damage    Failure   Level
a - Sandblast             Erth           100%       2d20      1%          1
b - Passwall              Tmut/Erth      35%        N/A       1%          2
c - Stone Arrow           Conj/Erth      100%       3d13      1%          3
d - Petrify               Tmut/Erth      42%        N/A       3%          4
e - Lee's Rapid Deconstr  Erth           26%        3d15*     1%          5
f - Blink                 Tloc           N/A        N/A       3%          2
g - Swiftness             Air            14%        N/A       17%         3

Your spell library contained the following spells:

 Spells                   Type           Power      Damage    Failure   Level
 Lightning Bolt           Conj/Air       15%        1d29      9%          5
 Foxfire                  Conj/Fire      100%       2x1d9     1%          1
 Magic Dart               Conj           100%       1d8       1%          1
 Shock                    Conj/Air       100%       1d9       1%          1
 Conjure Flame            Conj/Fire      26%        6-21      1%          3
 Mephitic Cloud           Conj/Pois/Air  22%        N/A       2%          3
 Gell's Gravitas          Tloc           11%        N/A       8%          3
 Lesser Beckoning         Tloc           11%        N/A       8%          3
 Teleport Other           Tloc           22%        N/A       8%          3
 Inner Flame              Hex/Fire       6%         N/A       11%         3
 Airstrike                Air            7%         N/A       16%         4
 Call Imp                 Summ           6%         N/A       19%         2
 Slow                     Hex            6%         N/A       19%         2
 Confusing Touch          Hex            6%         N/A       36%         3
 Ozocubu's Armour         Ice            6%         N/A       36%         3
 Yara's Violent Unravell  Hex/Tmut       9%         3d6       26%         5
 Manifold Assault         Tloc           22%        N/A       56%         5
 Eringya's Noxious Bog    Tmut/Pois      9%         N/A       78%         6
 Summon Forest            Summ/Tloc      7%         N/A       83%         5
 Metabolic Englaciation   Hex/Ice        3%         N/A       98%         5
 Simulacrum               Ice/Necr       3%         N/A       100%        6
 Storm Form               Tmut/Air       11%        N/A       100%        7
 Summon Hydra             Summ           3%         N/A       100%        7
 Borgnjor's Revivificati  Necr           3%         N/A       100%        8
 Necromutation            Tmut/Necr      9%         N/A       100%        8
 Death's Door             Necr           3%         N/A       100%        9


Dungeon Overview and Level Annotations

Branches:
Dungeon (11/15)            Temple (1/1) D:5            Lair (5/6) D:9
 Shoals (0/4) Lair:3       Spider (0/4) Lair:3          Orc (0/2) D:11
Ossuary (visited)
  Slime: Lair:5-6

Altars:
Ashenzari
Cheibriados
Dithmenos
Elyvilon
Fedhas
Gozag
Hepliaklqana
Kikubaaqudgha
Makhleb
Nemelex Xobeh
Okawaru
Qazlal
Ru
Sif Muna
Trog
Uskayaw
Vehumet
Wu Jian
Xom
Yredelemnul
Zin
The Shining One

Shops:
D:4 [

Annotations:
D:4 1 runed translucent door, Crazy Yiuf
D:8 2 transporters, stickyfingers's ghost, novice SpFE
Lair:1 exclusion: black mamba, Fannar; Nergalle; Sonja
Lair:5 Rupert


Innate Abilities, Weirdness & Mutations

You are immune to sickness and miasma.
Your stone body is resilient. (AC +9)
You are immune to poison.
You resist negative energy. (rN+)
You are resistant to electric shocks. (rElec)
You are resistant to unholy torment.
You are immune to petrification.


Message History

The six-headed hydra bites you but does no damage. x2
Unknown command.
Unknown command.
Casting: Petrify (dangerous; 3% risk of failure)
Confirm with . or Enter, or press ? or * to list all spells.
Aiming: Petrify (dangerous; 3% risk of failure)
Press: ? - help, Shift-Dir - straight line, f/p - six-headed hydra
Aim: a six-headed hydra (translocational energy, chance to affect: 33%)
The six-headed hydra easily resists.
The six-headed hydra bites you. The six-headed hydra misses you.
The six-headed hydra bites you!
* * * LOW HITPOINT WARNING * * *
The six-headed hydra bites you but does no damage. x3
Unknown command.
Unknown command.
The blink frog blinks! x4
You start to feel a little faster.
The blink frog blinks!
The six-headed hydra barely misses you. x2
The six-headed hydra bites you but does no damage.
The six-headed hydra bites you.
* * * LOW HITPOINT WARNING * * *
The six-headed hydra misses you.
The six-headed hydra bites you but does no damage.
Okay, then.
Casting: Petrify (dangerous; 3% risk of failure)
Confirm with . or Enter, or press ? or * to list all spells.
You blink.
The blink frog hits you but does no damage.
Unknown command.
The blink frog hits you!
* * * LOW HITPOINT WARNING * * *
The blink frog hits you but does no damage.
The blink frog barely misses you. The blink frog closely misses you.
The blink frog hits you but does no damage.
The blink frog barely misses you.
You no longer feel sluggish.
The blink frog hits you!
* * * LOW HITPOINT WARNING * * *
The blink frog hits you!
You die...

#......................#
#...#.........##.......#
##.....................#
#....<.................#
##.....................#♣♣
#.......................
.......................#
P.......<.......F......#
..............@F.F....## ######
...............F.......###.....
....................@...##.....
........(........D......#......
P.......................#.†.†..
#...............)..............
####P###.##....##.#....####..#.
## ##..############# ####. ####
##


You could see Rupert, a six-headed hydra and 4 blink frogs.

Vanquished Creatures
  3 hydras
  3 two-headed ogres
  4 lindwurms (Lair:3)
  A cyclops (D:11)
  3 centaur zombies
  4 elephants
  2 black mambas
  A torpor snail (Lair:2)
  An unseen horror (D:11)
  Maggie (D:6)
  2 rime drakes
  8 komodo dragons
  4 cane toads
  2 polar bears
  A troll (D:10)
  Prince Ribbit (Lair:2)
  23 blink frogs
  A hornet (D:5)
  A shadow (D:10)
  30 yaks
  2 wyverns
  2 wraiths
  A basilisk (D:9)
  Eustachio (D:5)
  A steam dragon (D:8)
  8 water moccasins
  An ice beast (D:5)
  A sky beast (D:5)
  4 black bears
  3 necrophages
  An orc warrior (D:11)
  3 ogres
  11 wolves
  4 centaurs
  4 kobold brigands
  8 bullfrogs
  A wyvern zombie (D:7)
  9 water moccasin zombies (Ossuary)
  4 scorpions
  3 wights (D:8)
  A howler monkey (D:9)
  A jelly (D:5)
  A hound (D:4)
  A centaur skeleton (D:4)
  An orc priest (D:7)
  A bullfrog skeleton (D:6)
  3 iguanas
  6 orc wizards
  A hound zombie (D:5)
  2 hound skeletons (D:5)
  2 mummies (Ossuary)
  A howler monkey zombie (D:9)
  11 adders
  4 gnolls (D:5)
  A shadow imp (D:6)
  3 white imps
  3 ufetubi
  3 adder zombies (Ossuary)
  2 worms
  5 dart slugs
  25 orcs
  8 bats
  5 endoplasms
  2 giant cockroaches
  4 gnoll zombies (Ossuary)
  12 goblins
  7 hobgoblins
  4 jackals
  2 quokkas
  6 ball pythons
  3 frilled lizards
  2 hobgoblin zombies (Ossuary)
  21 kobolds
  5 kobold zombies (Ossuary)
  6 orc zombies (Ossuary)
  6 rats
339 creatures vanquished.

Vanquished Creatures (others)
  A quokka (D:1)
  2 bushes (Lair:3)
  14 fungi
  25 plants
42 creatures vanquished.

Grand Total: 381 creatures vanquished

Notes
Turn   | Place    | Note
-------+----------+-------------------------------------------
     0 | D:1      | tilp the Gargoyle Earth Elementalist began the quest for
                  | the Orb.
     0 | D:1      | Reached XP level 1. HP: 10/10 MP: 3/3
    84 | D:1      | Reached skill level 4 in Earth Magic
   146 | D:1      | Reached XP level 2. HP: 15/15 MP: 3/5
   855 | D:1      | Found a faded altar of an unknown god.
   956 | D:1      | Reached skill level 5 in Earth Magic
   956 | D:1      | Reached XP level 3. HP: 16/19 MP: 6/6
  2278 | D:2      | Reached XP level 4. HP: 24/24 MP: 7/7
  2281 | D:2      | Learned a level 2 spell: Passwall
  2285 | D:2      | Learned a level 3 spell: Stone Arrow
  2520 | D:3      | Found a stormy altar of Qazlal.
  2555 | D:3      | Reached skill level 6 in Earth Magic
  2646 | D:3      | Reached skill level 1 in Conjurations
  3092 | D:3      | Noticed a scorpion
  3099 | D:3      | Killed a scorpion
  3100 | D:3      | Reached XP level 5. HP: 22/28 MP: 1/8
  3288 | D:4      | Identified the +2 leather armour of Birdsong {rF+ MP+9
                  | Str+3 Stlth+}
  3310 | D:4      | Found a sand-covered staircase.
  3372 | Ossuary  | Entered an ossuary
  3398 | Ossuary  | Reached XP level 6. HP: 13/35 MP: 9/9
  3601 | Ossuary  | Reached XP level 7. HP: 43/43 MP: 10/10
  4110 | D:4      | Reached skill level 5 in Conjurations
  4110 | D:4      | Reached skill level 7 in Earth Magic
  4110 | D:4      | Reached XP level 8. HP: 48/48 MP: 11/12
  4181 | D:4      | Found a runed translucent door.
  4182 | D:4      | Noticed Crazy Yiuf
  4208 | D:4      | Found Eratoggo's Armour Shoppe.
  4388 | D:4      | Found a snail-covered altar of Cheibriados.
  4494 | D:4      | Bought a +0 pair of boots for 63 gold pieces
  4608 | D:4      | Identified a scroll of acquirement
  4613 | D:4      | Learned a level 4 spell: Petrify
  4613 | D:4      | Acquired 735 gold pieces
  4650 | D:5      | Entered Level 5 of the Dungeon
  4880 | D:5      | Noticed a hornet
  4884 | D:5      | Killed a hornet
  4982 | D:5      | Found a staircase to the Ecumenical Temple.
  5001 | D:5      | Reached skill level 8 in Earth Magic
  5070 | Temple   | Entered the Ecumenical Temple
  5170 | Temple   | Became a worshipper of Vehumet
  5609 | D:5      | Noticed Eustachio
  5634 | D:5      | Killed Eustachio
  5635 | D:5      | Reached skill level 5 in Fighting
  5635 | D:5      | Reached XP level 9. HP: 46/54 MP: 6/15
  6255 | D:6      | Found a shadowy altar of Dithmenos.
  6281 | D:6      | Reached skill level 1 in Maces & Flails
  6450 | D:6      | Reached * piety under Vehumet
  6450 | D:6      | Offered knowledge of Magic Dart by Vehumet.
  6470 | D:6      | Learned a level 1 spell: Magic Dart
  6501 | D:6      | Identified the +8 mace "Qatakkil" {antimagic, rPois Str+5
                  | Dex-5 Stlth+}
  6503 | D:6      | Noticed Maggie
  6517 | D:6      | Killed Maggie
  6804 | D:6      | Found a hide-covered altar of Uskayaw.
  7195 | D:7      | Reached skill level 5 in Maces & Flails
  7536 | D:7      | Found an ancient bone altar of Kikubaaqudgha.
  7598 | D:7      | Found a white marble altar of Elyvilon.
  8292 | D:8      | Reached XP level 10. HP: 60/60 MP: 4/16
  8445 | D:8      | Reached ** piety under Vehumet
  8448 | D:8      | Offered knowledge of Shock by Vehumet.
  8554 | D:8      | Noticed stickyfingers's ghost (novice SpFE)
  8554 | D:8      | Noticed a moth of wrath
  8568 | D:8      | Found a transporter.
  8761 | D:8      | Noticed a two-headed ogre
  8768 | D:8      | Killed a two-headed ogre
  9245 | D:8      | Found a transporter.
  9605 | D:9      | Found a large runed translucent door.
  9606 | D:9      | Found a large runed translucent door.
  9765 | D:9      | Found a staircase to the Lair.
  9766 | D:9      | Noticed an elephant
  9778 | D:9      | Reached skill level 9 in Earth Magic
 10017 | D:9      | Killed an elephant
 10548 | D:9      | Found an opulent altar of Gozag.
 10548 | D:9      | Noticed a two-headed ogre
 10552 | D:9      | Killed a two-headed ogre
 10553 | D:9      | Reached skill level 10 in Earth Magic
 10553 | D:9      | Reached skill level 1 in Transmutations
 10590 | D:9      | Found a bloodstained altar of Trog.
 10668 | D:10     | Entered Level 10 of the Dungeon
 10741 | D:10     | Reached XP level 11. HP: 66/66 MP: 11/17
 11081 | D:10     | Reached skill level 5 in Dodging
 12156 | D:10     | Learned a level 2 spell: Blink
 12346 | D:10     | Reached skill level 1 in Evocations
 12349 | D:10     | Offered knowledge of Static Discharge by Vehumet.
 12660 | D:11     | Found a staircase to the Orcish Mines.
 13391 | D:11     | Noticed a two-headed ogre
 13400 | D:11     | Killed a two-headed ogre
 13649 | D:11     | Noticed a cyclops
 13654 | D:11     | Killed a cyclops
 13655 | D:11     | Reached skill level 1 in Translocations
 14199 | Lair:1   | Entered Level 1 of the Lair of Beasts
 14225 | D:9      | Reached *** piety under Vehumet
 14471 | Lair:1   | Noticed Fannar
 14610 | Lair:1   | Reached XP level 12. HP: 73/73 MP: 16/18
 15054 | Lair:1   | Noticed Nergalle
 15150 | Lair:1   | Noticed Sonja
 16009 | Lair:2   | Noticed a five-headed hydra
 16024 | Lair:2   | Killed a five-headed hydra
 16025 | Lair:2   | Reached skill level 5 in Evocations
 16302 | Lair:2   | Reached skill level 5 in Spellcasting
 16350 | Lair:2   | Noticed Prince Ribbit
 16356 | Lair:2   | Killed Prince Ribbit
 16708 | Lair:2   | Learned a level 3 spell: Swiftness
 16973 | Lair:3   | Reached skill level 1 in Air Magic
 16983 | Lair:3   | Offered knowledge of Ignite Poison by Vehumet.
 16992 | Lair:3   | Reached skill level 11 in Earth Magic
 17169 | Lair:3   | Identified the +5 morningstar of Armageddon {flame, rC+}
 17186 | Lair:3   | Got the Handbook of the Grue
 17200 | Lair:3   | Learned a level 5 spell: Lee's Rapid Deconstruction
 17462 | Lair:3   | Noticed a six-headed hydra
 17474 | Lair:3   | Killed a six-headed hydra
 18059 | Lair:3   | Reached XP level 13. HP: 78/78 MP: 11/21
 18354 | Lair:3   | Found a hole to the Spider Nest.
 18842 | Lair:3   | Found a staircase to the Shoals.
 20105 | Lair:4   | Reached skill level 10 in Conjurations
 20105 | Lair:4   | Reached skill level 5 in Transmutations
 20519 | Lair:4   | Reached skill level 12 in Earth Magic
 20526 | Lair:4   | Reached **** piety under Vehumet
 21291 | Lair:5   | Offered knowledge of Lightning Bolt by Vehumet.
 21317 | Lair:5   | Noticed Rupert
 21364 | Lair:5   | Slain by a blink frog

Illustrated notes

Levels and vault maps discovered:
D:1:      giann_forest_graveyard, layout_basic,
          chequers_ecumenical_altar_island, lemuel_old_faithful
D:2:      layout_rooms, serial_forest, infiniplex_forest_end_2,
          infiniplex_forest_clump_large, infiniplex_forest_pool,
          infiniplex_forest_straight_5, infiniplex_forest_diagonal,
          infiniplex_forest_lined_1, infiniplex_forest_lined_room_2,
          minmay_misc_feat_rows
D:3:      layout_basic, mainiacjoe_overflow_small_starburst, grunt_ministairs_12
D:4:      layout_cave_pools, mainiacjoe_overflow_six_doors_small,
          nicolae_ossuary_entry_plus, serial_shops, nicolae_shop_stone,
          uniq_crazy_yiuf_cottage
D:5:      layout_basic, minmay_temple_entry_stoned_glass, uniq_eustachio
D:6:      layout_basic, nicolae_dithmenos_shadow_blocks,
          nicolae_uskayaw_suspiria, uniq_maggie
D:7:      layout_loops_cross, nicolae_elyvilon_temple_path,
          kiku_gazebo_garden_becter, serial_rivers,
          chequers_serial_rivers_micro_c, chequers_serial_rivers_marsh,
          chequers_serial_rivers_large_b, chequers_serial_rivers_marsh,
          chequers_serial_rivers_small_a, chequers_serial_rivers_micro_c
D:8:      layout_basic, gammafunk_ghost_berserking_beasts,
          kennysheep_small_circle
D:9:      layout_basic, jmf_multi_god_temple2, david_lair_generic
D:10:     layout_stronghold
D:11:     layout_rooms, orc_david_3, billiards_dpeg
Temple:   jpeg_temple_clearing
Lair:1:   layout_chaotic_city, infiniplex_staircase_pool_2, uniq_nergalle,
          uniq_fannar, uniq_sonja
Lair:2:   layout_loops_ring, nicolae_lair_grove_arrangements,
          serial_bayou_shore_b, uniq_prince_ribbit2
Lair:3:   layout_chaotic_city, elwin_shoals_entry_rocks, dummy_spider_entry,
          minmay_lindwurm_lava, lemuel_fruit_tree, serial_bayou_shore_b
Lair:4:   layout_concentric_octagons, chequers_serial_rivers_micro_c
Lair:5:   nzn_winding_woodlands_large [nzn_winding_woodlands_5x5_perimeter,
          nzn_winding_woodlands_5x15_sidewinder,
          nzn_winding_woodlands_5x5_default, nzn_winding_woodlands_center_lodge,
          nzn_winding_woodlands_15x15_boxy_spiral,
          nzn_winding_woodlands_center_garden,
          nzn_winding_woodlands_5x5_closed_star,
          nzn_winding_woodlands_5x15_split_checker,
          nzn_winding_woodlands_5x5_cross], layout_long_grid, slime_dummy,
          special_room [special_room_mythical_zoo], uniq_rupert

Skill      XL: |  1  2  3  4  5  6  7  8  9 10 11 12 13 |
---------------+----------------------------------------+-----
Earth Magic    | 4 5 6 7 8 10 11 12 | 12.0
Conjurations   | 3 4 5 6 8 9 10 | 10.0
Fighting       | 2 4 5 6 8 |  8.0
Dodging        | 2 3 4 6 |  6.0
Spellcasting   | 3 4 5 6 |  6.0
Stealth        | 4 |  4.0
Maces & Flails | 6 8 |  8.6
Transmutations | 2 4 6 |  6.0
Evocations     | 4 5 6 |  6.0
Translocations | 1 3 4 |  4.0
Air Magic      | 2 |  2.0

Action                   |  1- 3 |  4- 6 |  7- 9 | 10-12 | 13-15 || total
-------------------------+-------+-------+-------+-------+-------++-------
Melee: Dagger            |    18 |       |       |       |       ||    18
       Short sword       |    88 |    83 |   106 |       |       ||   277
       Hand axe          |       |    47 |    82 |       |       ||   129
       Flail             |       |       |   104 |   353 |       ||   457
       Morningstar       |       |       |       |    54 |   115 ||   169
Throw: Dart              |       |       |       |    22 |    17 ||    39
 Cast: Sandblast         |    10 |    15 |     9 |     4 |       ||    38
       Stone Arrow       |       |     4 |    72 |   185 |    56 ||   317
       Magic Dart        |       |       |       |     4 |       ||     4
       Petrify           |       |       |       |    10 |    26 ||    36
       Lee's Rapid Decon |       |       |       |     7 |     5 ||    12
       Blink             |       |       |       |       |     1 ||     1
       Swiftness         |       |       |       |       |     1 ||     1
Evoke: Wand              |       |       |       |     2 |       ||     2
  Use: Scroll            |     5 |     3 |    12 |    13 |     3 ||    36
       Potion            |       |     1 |       |       |       ||     1
 Stab: Sleeping          |     7 |     1 |    12 |     3 |     1 ||    24
       Distracted        |       |       |     1 |       |       ||     1
       Petrified         |       |       |       |     8 |    14 ||    22
       Paralysed         |       |       |       |     2 |       ||     2
       Petrifying        |       |       |       |       |     1 ||     1
Armor: Robe              |    55 |    43 |       |       |       ||    98
       Leather armour    |       |    27 |   217 |   402 |   107 ||   753
Dodge: Dodged            |    62 |    78 |   243 |   452 |   131 ||   966
